 Dungeon Crawl Stone Soup version 0.20-a0-526-g753eaab (webtiles) character file.

4739 KristoblXynda the Spear-Bearer (level 10, 0/77 HPs)
             Began as a Centaur Monk on Jan 26, 2017.
             Succumbed to a killer bee's poison
             ... on level 8 of the Dungeon.
             The game lasted 00:26:00 (10976 turns).

KristoblXynda the Spear-Bearer (Centaur Monk)      Turns: 10976, Time: 00:26:01

Health: 0/77       AC: 11    Str: 16    XL:     10   Next: 22%
Magic:  13/13      EV:  5    Int: 15    God:
Gold:   383        SH:  5    Dex: 14    Spells: 9/9 levels left

rFire    . . .     SeeInvis .   a - +1 spear
rCold    . . .     Gourm    .   C - +0 chain mail (curse)
rNeg     . . .     Faith    .   b - +0 buckler
rPois    .         Spirit   .   (helmet restricted)
rElec    .         Reflect  .   u - +0 cloak
rCorr    .         Harm     .   (no gloves)
MR       +....     Clarity  +   (no barding)
Stlth    ..........             h - amulet of rage
Regen    0.3/turn               z - ring of protection from magic
                                t - ring of loudness (curse)

@: brilliant, lethally poisoned (0 -> -15), very quick
A: claws 1, hooves 3, horns 1, iridescent scales 1, thin skeletal structure 1,
blink, clarity, deformed body, speed 2, low mp 1, tough skin 3, wild magic 1
a: Blink, Evoke Berserk Rage


You were on level 8 of the Dungeon.
You were completely stuffed.

You visited 1 branch of the dungeon, and saw 8 of its levels.

You collected 383 gold pieces.

Inventory:

Hand Weapons
 a - a +1 spear (weapon)
Armour
 b - a +0 buckler (worn)
 j - a +2 ring mail of fire resistance
 u - a +0 cloak (worn)
 C - a cursed +0 chain mail (worn)
Jewellery
 h - an amulet of rage (around neck)
 m - an uncursed ring of wizardry
 t - a cursed ring of loudness (left claw)
 z - a ring of protection from magic (right claw)
 D - an uncursed ring of magical power {unknown}
Wands
 w - a wand of acid (0/15)
 x - a wand of clouds (0/9)
Scrolls
 d - 2 scrolls of magic mapping
 f - 2 scrolls of fog
 i - a scroll of fear
 l - a scroll of enchant armour
 q - 2 scrolls of enchant weapon
 v - 2 scrolls of teleportation
 y - a scroll of amnesia
Potions
 e - a potion of cure mutation
 n - 2 potions of flight
 o - a potion of mutation
 p - 2 potions of haste
 r - a potion of agility
 E - a potion of resistance
Comestibles
 c - 6 bread rations
 g - 2 meat rations
 k - 3 chunks of flesh


   Skills:
 - Level 3.0 Fighting
 + Level 9.3 Polearms
 + Level 4.6 Armour
 - Level 2.1 Dodging
 - Level 2.0 Stealth
 - Level 3.2 Shields
 + Level 7.3 Evocations


You had 9 spell levels left.
You didn't know any spells.

Dungeon Overview and Level Annotations

Branches:
Dungeon (8/15)             Temple (0/1) D:7
   Lair: D:8-11

Altars:
Cheibriados
Elyvilon
Fedhas
Gozag
Makhleb
Okawaru
Ru
Sif Muna
Trog
Vehumet
Xom

Annotations:
D:7 exclusion: oklob sapling


Innate Abilities, Weirdness & Mutations

You have hooves in place of feet.
Armour fits poorly on your strangely shaped body.
You cover ground very quickly.
You have extremely tough skin. (AC +3)
You have sharp fingernails.
You have a pair of small horns on your head.
You are partially covered in iridescent scales. (AC +2)
You have a somewhat thin skeletal structure. (Dex +2, Stealth)
You can translocate small distances at will.
You possess an exceptional clarity of mind.
Your magical capacity is low. (-10% MP)
Your spells are a little harder to cast, but a little more powerful.


Message History

* * * LOW HITPOINT WARNING * * *
The killer bee barely misses you.
Evoke which item? (* to show all) (? for menu, Esc to quit)
Aiming: Corrosive Bolt (will waste charges)
Press: ? - help, Shift-Dir - straight line, f/p - killer bee
Aim: a killer bee (almost dead) Nothing appears to happen.
* * * LOW HITPOINT WARNING * * *
You feel sick. The killer bee barely misses you.
The killer bee stings you but does no damage.
Unknown command.
You hit the killer bee.
You kill the killer bee!
* * * LOW HITPOINT WARNING * * *
You feel sick.
Firing (i - inventory): No suitable missiles.
Press: ? - help, Shift-Dir - straight line, f - you
Okay, then.
You eat one of the 3 meat rations.
That meat ration really hit the spot!
You die...

......#.####
......._..#
......#.#.##
......y.y..#######
.................#
.......####'####)#
.......#.......#(#
#......#.⌠...⌠.#)#
.......#.......#@#
.......'...(.(.†(#
.......#......)###
.......#.⌠...⌠.#
.......#.......#
#......####'####
##...<......#
############


There were no monsters in sight!

Vanquished Creatures
  A queen bee (D:8)
  The ghost of nono the Ducker, an amateur HaMo (D:4)
  3 hippogriffs
  Duvessa (D:7)
  A water moccasin (D:7)
  4 orc warriors
  A sky beast (D:7)
  An ice beast (D:7)
  A phantom (D:6)
  4 ogres
  A crocodile (D:7)
  2 big kobolds (D:8)
  3 bullfrogs
  Dowan (D:7)
  3 scorpions
  A wyvern skeleton (D:8)
  14 killer bees (D:8)
  3 howler monkeys
  A jelly (D:7)
  2 crimson imps
  A quasit (D:6)
  3 hounds
  2 orc priests (D:7)
  3 bullfrog skeletons
  6 orc wizards
  3 iguanas (D:5)
  4 hell rats (D:7)
  4 worker ants
  3 hound skeletons
  A howler monkey zombie (D:5)
  4 gnolls (D:2)
  8 river rats (D:7)
  7 adders
  A shadow imp (D:8)
  An ooze (D:1)
  3 adder skeletons
  4 worms
  5 dart slugs
  5 leopard geckos
  31 orcs
  8 giant cockroaches
  10 hobgoblins
  19 jackals
  13 kobolds
  6 quokkas (D:7)
  10 bats
  5 frilled lizards
  10 goblins
  19 rats
248 creatures vanquished.

Vanquished Creatures (others)
  A plant (D:7)
1 creature vanquished.

Grand Total: 249 creatures vanquished

Notes
Turn   | Place    | Note
-------+----------+-------------------------------------------
     0 | D:1      | KristoblXynda the Centaur Monk began the quest for the Orb.
     0 | D:1      | Reached XP level 1. HP: 19/19 MP: 1/1
    78 | D:1      | Reached skill level 3 in Polearms
    78 | D:1      | Reached XP level 2. HP: 17/26 MP: 2/2
   285 | D:1      | Reached XP level 3. HP: 26/31 MP: 3/3
   924 | D:2      | Reached skill level 4 in Polearms
   924 | D:2      | Reached XP level 4. HP: 38/38 MP: 4/4
   955 | D:2      | Found an opulent altar of Gozag.
  1603 | D:3      | Found a white marble altar of Elyvilon.
  1606 | D:3      | Found a bloodstained altar of Trog.
  1606 | D:3      | Found a burning altar of Makhleb.
  1609 | D:3      | Found a snail-covered altar of Cheibriados.
  1611 | D:3      | Found a deep blue altar of Sif Muna.
  1611 | D:3      | Found an iron altar of Okawaru.
  2185 | D:3      | Reached XP level 5. HP: 43/45 MP: 5/5
  2446 | D:4      | Noticed nono's ghost (amateur HaMo)
  2685 | D:4      | Reached skill level 5 in Polearms
  2685 | D:4      | Reached skill level 1 in Evocations
  2847 | D:4      | Reached XP level 6. HP: 32/51 MP: 7/7
  3300 | D:4      | Killed nono's ghost
  3300 | D:4      | Reached skill level 6 in Polearms
  3300 | D:4      | Reached skill level 1 in Shields
  3300 | D:4      | Reached XP level 7. HP: 53/57 MP: 7/9
  3588 | D:5      | Entered Level 5 of the Dungeon
  5178 | D:5      | Reached XP level 8. HP: 51/63 MP: 10/10
  5432 | D:6      | Found a sacrificial altar of Ru.
  5840 | D:6      | Reached skill level 7 in Polearms
  5993 | D:6      | Found a blossoming altar of Fedhas.
  6439 | D:7      | Found a staircase to the Ecumenical Temple.
  6459 | D:7      | Noticed Duvessa
  6459 | D:7      | Noticed Dowan
  6464 | D:7      | Noticed a hippogriff
  6464 | D:7      | Killed Duvessa
  6471 | D:7      | Killed a hippogriff
  6471 | D:7      | Reached skill level 1 in Armour
  6471 | D:7      | Reached skill level 5 in Evocations
  6472 | D:7      | Killed Dowan
  7209 | D:7      | Reached XP level 9. HP: 17/69 MP: 13/13
  7906 | D:7      | Reached skill level 8 in Polearms
  8267 | D:7      | Gained mutation: Your magical capacity is low. (-10% MP) [mutagenic meat]
  8268 | D:7      | Gained mutation: Your spells are a little harder to cast, but a little more powerful. [mutagenic meat]
  8269 | D:7      | Gained mutation: You possess an exceptional clarity of mind. [mutagenic meat]
  8270 | D:7      | Gained mutation: You are partially covered in iridescent scales. (AC +2) [mutagenic meat]
  8271 | D:7      | Gained mutation: You can translocate small distances at will. [mutagenic meat]
  8272 | D:7      | Gained mutation: You have sharp fingernails. [mutagenic meat]
  9434 | D:8      | Found a shimmering altar of Xom.
  9446 | D:8      | Found a radiant altar of Vehumet.
 10246 | D:8      | Reached skill level 9 in Polearms
 10278 | D:8      | Reached XP level 10. HP: 69/77 MP: 13/13
 10539 | D:8      | Gained mutation: You have a somewhat thin skeletal structure. (Dex +2, Stealth) [potion of mutation]
 10539 | D:8      | Gained mutation: You have a pair of small horns on your head. [potion of mutation]
 10974 | D:8      | HP: 3/77 [poisoned by a killer bee]
 10976 | D:8      | Succumbed to a killer bee's poison

Vault maps used:
D:1:      minmay_arrival_jagged
D:2:      grunt_gozag_statues, first_bread, serial_bayou_crossing
D:3:      grunt_temple_overflow_open
D:4:      minmay_strange_pillars
D:6:      lemuel_doored_altar, fedhas_altar_4
D:7:      lemuel_ratsnest, minmay_temple_entry_oklob, uniq_duvessa
D:8:      lemuel_crystal_altar, david_nohive_1, minmay_fountain_box,
          xom_teletrap_fun

Skill      XL: |  1  2  3  4  5  6  7  8  9 |
---------------+----------------------------+-----
Polearms       | 3 4 5 6 7 9 |  9.3
Stealth        | 2 |  2.0
Evocations     | 1 2 3 5 7 |  7.3
Shields        | 1 2 3 |  3.2
Armour         | 2 4 |  4.6
Fighting       | |  3.0
Dodging        | |  2.1

Action                   |  1- 3 |  4- 6 |  7- 9 | 10-12 || total
-------------------------+-------+-------+-------+-------++-------
Melee: Spear             |   123 |   251 |   738 |   130 ||  1242
       Kick              |    16 |    47 |   158 |    27 ||   248
       Headbutt          |       |       |       |     9 ||     9
 Abil: Evoke Berserk Rag |     2 |     2 |     8 |     2 ||    14
Evoke: Wand              |       |     5 |    14 |     4 ||    23
  Use: Potion            |     1 |     2 |     2 |     4 ||     9
       Scroll            |       |    13 |     8 |       ||    21
 Stab: Sleeping          |     1 |     1 |       |       ||     2
  Eat: Chunk             |       |     9 |    22 |       ||    31
       Royal jelly       |       |       |     3 |       ||     3
       Fruit             |       |       |     5 |       ||     5
       Meat ration       |       |       |     1 |     2 ||     3
Armor: Robe              |    22 |    48 |       |       ||    70
       Ring mail         |       |    15 |    18 |       ||    33
       Chain mail        |       |       |   283 |    51 ||   334
       Skin              |       |       |    26 |       ||    26
Dodge: Dodged            |    56 |   103 |   120 |    28 ||   307
Block: Buckler           |       |       |    97 |    19 ||   116
